 Dungeon Sprint DCSS version 0.19.0-20-gbc5f0c6 (webtiles) character file.

885 Groucho the Unseen (level 7, -14/49 HPs)
             Began as a Spriggan Assassin on Nov 18, 2016.
             Was a Priest of Uskayaw.
             Demolished by a centaur warrior (15 damage)
             ... in the Dungeon (Sprint IX: "|||||||||||||||||||||||||||||").
             The game lasted 00:02:16 (969 turns).

Groucho the Unseen (Spriggan Assassin)               Turns: 969, Time: 00:02:17

Health: -14/49     AC:  5    Str: 12    XL:     7   Next: 76%
Magic:  12/13      EV: 17    Int: 16    God:    Uskayaw [***...]
Gold:   0          SH:  0    Dex: 19    Spells: 0 memorised, 6 levels left

rFire  . . .     SeeInvis +     q - +2 rapier (elec)
rCold  . . .     Gourm    .     c - +0 robe
rNeg   . . .     Faith    .     (shield restricted)
rPois  .         Spirit   .     (helmet restricted)
rElec  .         Reflect  .     d - +0 cloak
rCorr  .         Harm     .     (gloves unavailable)
MR     +....     NoTele   +     (boots unavailable)
Stlth  ..........               (no amulet)
                                s - +2 ring of protection
                                r - +3 ring of intelligence

@: berserking, very quick
A: unfitting armour, see invisible, herbivore 3, speed 3, slow metabolism 2
a: Stomp, Line Pass, Renounce Religion


You were in the Dungeon.
You worshipped Uskayaw.
Uskayaw was noncommittal.
You were not hungry.

You visited 1 branch

Inventory:

Hand Weapons
 a - a +2 dagger
 b - a +0 blowgun
 q - a +2 rapier of electrocution (weapon)
Missiles
 e - 8 poisoned needles
 f - 2 curare-tipped needles
Armour
 c - a +0 robe (worn)
 d - a +0 cloak (worn)
Jewellery
 r - a +3 ring of intelligence (left hand)
 s - a +2 ring of protection (right hand)
Wands
 p - a wand of lightning (7/15)
Scrolls
 m - 2 scrolls of blinking
 n - 3 scrolls of remove curse
 o - 2 scrolls of amnesia
Potions
 i - a potion of heal wounds
 j - 4 potions of curing
 k - 4 potions of magic
Comestibles
 g - a bread ration


   Skills:
 - Level 1.5 Fighting
 + Level 10.7 Short Blades
 - Level 2.0 Throwing
 - Level 1.5 Dodging
 * Level 17.9 Stealth
 + Level 7.2 Invocations


You had 6 spell levels left.
You didn't know any spells.

Dungeon Overview and Level Annotations

Branches:
Dungeon (1/1)

Altars:
Cheibriados
Dithmenos
Elyvilon
Fedhas
Gozag
Hepliaklqana
Kikubaaqudgha
Makhleb
Nemelex Xobeh
Okawaru
Qazlal
Ru
Sif Muna
Trog
Uskayaw
Vehumet
Xom
Yredelemnul
Zin
The Shining One
Beogh
Jiyva
Lugonu


Innate Abilities, Weirdness & Mutations

You are very small and have problems with some larger weapons.
You are too small for most types of armour.
You have supernaturally acute eyesight. (SInv)
You are a herbivore.
You cover ground extremely quickly.
You need consume almost no food.


Message History

The centaur warrior misses you.
You feel much better. The centaur warrior misses you.
A red film seems to cover your vision as you go berserk!
You feel yourself moving faster!
You feel mighty! The centaur warrior hits you! x2
You puncture the centaur warrior!
The centaur warrior is lightly wounded.
You puncture the centaur warrior!
The centaur warrior is moderately wounded.
The centaur warrior hits you!
* * * LOW HITPOINT WARNING * * *
Uskayaw will force your foes to helplessly watch your dance.
You are too injured to fight recklessly!
You are too injured to fight recklessly!
You are too injured to fight recklessly!
You are too injured to fight recklessly!
You are too injured to fight recklessly!
You hit the centaur warrior.
The centaur warrior is heavily wounded.
The centaur warrior hits you!
You die... ▓▓▓▓▓▓▓▓▓▓▓▓▓▓▓▓▓▓▓▓▓▓ +ohHc@.'....)††..[[[)| ▓▓▓▓▓▓▓▓▓▓▓▓▓▓▓▓▓▓▓▓▓▓

You could see a centaur warrior, a manticore, an orc warrior and a hound.

Vanquished Creatures
  A hill giant (D)
  A yak (D)
  An orc warrior (D)
  An ogre (D)
  A killer bee (D)
  2 hounds (D)
  An adder (D)
  A shadow imp (D)
  A dart slug (D)
  3 orcs (D)
  A goblin (D)
  2 bats (D)
  A frilled lizard (D)
  A jackal skeleton (D)
18 creatures vanquished.

Notes
Turn   | Place    | Note
-------+----------+-------------------------------------------
     0 | D        | Groucho the Spriggan Assassin began the quest for the Orb.
     0 | D        | Reached XP level 1. HP: 10/10 MP: 2/2
     5 | D        | Reached skill level 6 in Stealth
    17 | D        | Reached skill level 7 in Stealth
   343 | D        | Noticed an ogre
   345 | D        | Reached XP level 2. HP: 14/14 MP: 3/3
   353 | D        | Killed an ogre
   353 | D        | Reached skill level 11 in Stealth
   353 | D        | Reached XP level 3. HP: 18/18 MP: 4/4
   353 | D        | Reached XP level 4. HP: 22/22 MP: 5/5
   402 | D        | Found a roughly hewn altar of Beogh.
   402 | D        | Found a snail-covered altar of Cheibriados.
   402 | D        | Found a shadowy altar of Dithmenos.
   402 | D        | Found a white marble altar of Elyvilon.
   402 | D        | Found a blossoming altar of Fedhas.
   402 | D        | Found an opulent altar of Gozag.
   403 | D        | Found a hazy altar of Hepliaklqana.
   404 | D        | Found a viscous altar of Jiyva.
   405 | D        | Found an ancient bone altar of Kikubaaqudgha.
   406 | D        | Found a corrupted altar of Lugonu.
   407 | D        | Found a burning altar of Makhleb.
   410 | D        | Found a sparkling altar of Nemelex Xobeh.
   411 | D        | Found an iron altar of Okawaru.
   412 | D        | Found a stormy altar of Qazlal.
   413 | D        | Found a sacrificial altar of Ru.
   414 | D        | Found a deep blue altar of Sif Muna.
   415 | D        | Found a bloodstained altar of Trog.
   416 | D        | Found a hide-covered altar of Uskayaw.
   417 | D        | Found a radiant altar of Vehumet.
   418 | D        | Found a shimmering altar of Xom.
   419 | D        | Found a basalt altar of Yredelemnul.
   420 | D        | Found a glowing silver altar of Zin.
   421 | D        | Found a glowing golden altar of the Shining One.
   432 | D        | Became a worshipper of Uskayaw the Reveler
   831 | D        | Noticed a yak
   831 | D        | Noticed an orc warrior
   839 | D        | Reached * piety under Uskayaw
   840 | D        | Reached skill level 12 in Stealth
   840 | D        | Reached skill level 1 in Invocations
   840 | D        | Reached ** piety under Uskayaw
   842 | D        | Reached XP level 5. HP: 19/25 MP: 5/7
   842 | D        | Reached *** piety under Uskayaw
   845 | D        | Reached skill level 13 in Stealth
   845 | D        | Reached **** piety under Uskayaw
   848 | D        | Reached ***** piety under Uskayaw
   850 | D        | Killed an orc warrior
   850 | D        | Reached skill level 14 in Stealth
   850 | D        | Reached XP level 6. HP: 23/30 MP: 5/10
   851 | D        | Killed a yak
   851 | D        | Reached skill level 15 in Stealth
   851 | D        | Reached skill level 5 in Invocations
   942 | D        | Noticed an orc warrior
   942 | D        | Noticed a manticore
   942 | D        | Noticed a centaur warrior
   942 | D        | Noticed a hill giant
   955 | D        | Killed a hill giant
   955 | D        | Reached skill level 10 in Short Blades
   955 | D        | Reached skill level 17 in Stealth
   955 | D        | Reached XP level 7. HP: 33/33 MP: 11/13
   968 | D        | HP: 1/49 [centaur warrior (15)]
   969 | D        | Demolished by a centaur warrior

Skill      XL: |  1  2  3  4  5  6 |
---------------+-------------------+-----
Stealth        | 7 11 12 14 17 | 17.9
Short Blades   | 3 7 9 10 | 10.7
Invocations    | 2 4 7 |  7.2
Fighting       | |  1.5
Throwing       | |  2.0
Dodging        | |  1.5

Action                   |  1- 3 |  4- 6 |  7- 9 || total
-------------------------+-------+-------+-------++-------
Melee: Dagger            |    23 |    37 |       ||    60
       Rapier            |       |    29 |    11 ||    40
  Use: Potion            |     1 |     3 |     2 ||     6
 Stab: Sleeping          |     5 |     1 |       ||     6
       Distracted        |     1 |       |       ||     1
       Invisible         |       |     2 |       ||     2
       Paralysed         |       |     2 |       ||     2
Armor: Robe              |     1 |     5 |     1 ||     7
Dodge: Dodged            |    14 |    20 |     6 ||    40
